 Dungeon Crawl Stone Soup version 0.30-a0-51-g784eafce7f (webtiles) character file.

Game seed: 9012382768729623690

729 BritishOli the Trooper (level 7, -2/56 HPs)
             Began as a Demonspawn Fighter on Sept 6, 2022.
             Was a Follower of Okawaru.
             Succumbed to an orc wizard's poison
             ... on level 5 of the Dungeon.
             The game lasted 00:05:08 (5393 turns).

BritishOli the Trooper (Demonspawn Fighter)         Turns: 5393, Time: 00:05:09

Health: -2/56      AC:  8    Str: 19    XL:     7   Next: 44%
Magic:  7/7        EV: 10    Int: 16    God:    Okawaru [*.....]
Gold:   329        SH:  0    Dex: 12    Spells: 6/6 levels left

rFire   . . .      SeeInvis .    m - +0 long sword (flame)
rCold   . . .      Faith    .    c - +0 buckler
rNeg    . . .      Spirit   .    u - +2 ring mail of the Will of the Gods {Int+7}
rPois   .          Reflect  .    (no helmet)
rElec   .          Harm     .    (no cloak)
rCorr   .          Rampage  .    (no gloves)
Will    .....                    (no boots)
Stlth   ..........               (no amulet)
HPRegen 0.18/turn                (no ring)
MPRegen 0.10/turn                (no ring)

@: confused, lethally poisoned (-2 -> -22)
A: powered by pain 2, sturdy frame 1, weakness stinger 1
a: Renounce Religion, Heroism


You were on level 5 of the Dungeon.
You worshipped Okawaru.
Okawaru was aware of your devotion.
You visited 2 branches of the dungeon, and saw 6 of its levels.

You collected 329 gold pieces.

Inventory:

Hand Weapons
 m - a +0 long sword of flaming (weapon)
Missiles
 v - 2 throwing nets (quivered)
Armour
 b - a +0 scale mail
 c - a +0 buckler (worn)
 u - the +2 ring mail of the Will of the Gods (worn) {Int+7}
   (You found it on level 2 of the Dungeon)

   Int:       It affects your intelligence (+7).
Jewellery
 a - a ring of ice
 h - a ring of ice
 q - a +4 ring of slaying
 w - a +4 ring of protection
Scrolls
 f - a scroll of summoning {unknown}
 i - 7 scrolls of identify {unknown}
 j - 2 scrolls of immolation {unknown}
 k - a scroll of torment {unknown}
 l - 4 scrolls of poison {unknown}
 n - a scroll of vulnerability {unknown}
 p - 2 scrolls of magic mapping {unknown}
 s - 3 scrolls of teleportation {unknown}
Potions
 d - 2 potions of might
 e - a potion of heal wounds
 g - a potion of lignification
 o - a potion of resistance {unknown}
 r - a potion of curing {unknown}
 t - 2 potions of flight
 x - 2 potions of degeneration {unknown}
 z - a potion of cancellation {unknown}
 A - 2 potions of ambrosia {unknown}
 B - a potion of invisibility {unknown}
 C - 2 potions of brilliance {unknown}


   Skills:
 + Level 5.1 Fighting
 + Level 4.0 Long Blades
 + Level 4.6 Armour
 + Level 4.5 Shields


You had 6 spell levels left.
You didn't know any spells.
Your spell library contained the following spells:

 Spells                   Type           Power      Damage    Failure   Level
 Gell's Gravitas          Tloc           0%         N/A       77%         3
 Lesser Beckoning         Tloc           0%         N/A       77%         3
 Teleport Other           Tloc           0%         N/A       77%         3


Dungeon Overview and Level Annotations

Branches:
Dungeon (5/15)             Temple (1/1) D:4

Altars:
Ashenzari
Fedhas
Kikubaaqudgha
Makhleb
Nemelex Xobeh
Okawaru
Qazlal
Sif Muna
Trog
Uskayaw
Vehumet
Wu Jian
Yredelemnul
Jiyva

Shops:
D:1 !=


Innate Abilities, Weirdness & Mutations

You sometimes gain power by taking damage.
Your movements are slightly less encumbered by armour. (ER -2)
You have a small tail.


Message History

You hit the orc wizard but do no damage.
You tail-slap the orc wizard, but do no damage.
The orc wizard is moderately wounded.
You feel very sick. The orc wizard barely misses you.
The orc wizard mumbles some strange words.
The orc wizard flickers and vanishes!
Deactivating autopickup; reactivate with Ctrl-A.
You miss something.
You feel sick. Something hits you but does no damage.
You are more poisoned.
You miss something.
You feel very sick. Something hits you but does no damage.
You are more poisoned.
You hit something. You burn something.
You feel very sick. Something hits you but does no damage.
You closely miss something.
Your tail-slap misses something.
You feel very sick. Something hits you but does no damage.
You are more poisoned.
Something hits you but does no damage.
You are lethally poisoned!
You barely miss something.
Your tail-slap misses something.
You feel very sick.
You hear some strange, mumbled words.
Something tries to affect you, but you resist.
You hit something. You burn something.
* * * LOW HITPOINT WARNING * * *
You feel very sick. Something hits you.
* * * LOW HITPOINT WARNING * * *
You are more poisoned.
You hit something but do no damage.
* * * LOW HITPOINT WARNING * * *
You feel very sick.
You hear some strange, mumbled words.
You are confused.
You're too confused to move!
You die...

####..### #....####
#.###.... # #....
#.... #.... .# #....
#.####### .# ##...)
#.oo{@..# #.# ##.....
#######.###.###...##.#
#.........## #.#
##..P._.P.# #.#
##.......##...#
##...#.....###
#......#. .
#.#....#...
.#####....#......##


You could see 2 orcs.

Vanquished Creatures
  A black bear (D:5)
  2 scorpions (D:4)
  3 hounds (D:5)
  3 orc priests
  A jelly (D:4)
  3 iguanas
  3 orc wizards
  7 adders
  A shadow imp (D:5)
  2 worms (D:2)
  2 dart slugs
  11 orcs
  7 ball pythons
  6 bats
  4 endoplasms
  5 giant cockroaches
  8 goblins
  11 hobgoblins
  4 jackals (D:3)
  4 quokkas
  5 frilled lizards
  5 kobolds
  4 rats
102 creatures vanquished.

Notes
Turn   | Place    | Note
-------+----------+-------------------------------------------
     0 | D:1      | BritishOli the Demonspawn Fighter began the quest for the
                  | Orb.
     0 | D:1      | Reached XP level 1. HP: 18/18 MP: 1/1
    19 | D:1      | Found Maxt's Jewellery Emporium.
    77 | D:1      | Found Highodyl's Antique Weapon Shop.
   154 | D:1      | Gained mutation: Your movements are slightly less
                  | encumbered by armour. (ER -2) [demonic ancestry]
   154 | D:1      | Reached XP level 2. HP: 24/24 MP: 2/2
   246 | D:1      | Found Iracwez's Distillery.
   919 | D:2      | Reached XP level 3. HP: 29/29 MP: 3/3
  1093 | D:2      | Identified the +2 short sword of Fen Raz {elec, +Blink Fly
                  | rElec}
  1358 | D:2      | Identified the +2 ring mail of the Will of the Gods {Int+7}
  1728 | D:2      | Gained mutation: You sometimes gain a little power by
                  | taking damage. [demonic ancestry]
  1728 | D:2      | Reached XP level 4. HP: 33/35 MP: 4/4
  2199 | D:3      | Found the +2 cloak of the Thief {*Fog Slay-2 SInv Stlth+}
  2691 | D:3      | Found a sparkling altar of Nemelex Xobeh.
  3234 | D:4      | Reached XP level 5. HP: 29/42 MP: 5/5
  3327 | D:4      | Found a staircase to the Ecumenical Temple.
  3345 | D:4      | Reached skill level 4 in Fighting
  3358 | Temple   | Entered the Ecumenical Temple
  3574 | Temple   | Became a worshipper of Warmaster Okawaru
  3894 | D:4      | Found a burning altar of Makhleb.
  4144 | D:4      | Gained mutation: You sometimes gain power by taking damage.
                  | [demonic ancestry]
  4144 | D:4      | Reached XP level 6. HP: 35/48 MP: 6/6
  4639 | D:5      | Entered Level 5 of the Dungeon
  4659 | D:5      | Reached * piety under Okawaru
  4773 | D:5      | Found a broken altar of Ashenzari.
  4945 | D:5      | Gained mutation: You have a small tail. [demonic ancestry]
  4945 | D:5      | Reached XP level 7. HP: 42/55 MP: 7/7
  5235 | D:5      | Reached skill level 5 in Fighting
  5392 | D:5      | HP: 2/56 [poisoned by an orc wizard]
  5393 | D:5      | Succumbed to an orc wizard's poison

Illustrated notes

Levels and vault maps discovered:
D:1:      roderic_crossed_star, layout_loops_ring, serial_shops, shop,
          nicolae_diamond_shop, nicolae_square_shop
D:2:      layout_loops_ring, grunt_ministairs_15
D:3:      layout_basic, zin_treasury, lemuel_doored_altar
D:4:      layout_basic, lemuel_round_altar, minmay_temple_entry_proselytizer,
          serial_glass, glass_columns_a, glass_columns_a, glass_columns_a,
          glass_columns_b, glass_columns_a, glass_columns_b, glass_columns_c,
          glass_columns_a, glass_columns_a, glass_columns_a
D:5:      layout_rooms, mainiacjoe_overflow_tiny_flanked
Temple:   pf_slime_end_temple

Skill      XL: |  1  2  3  4  5  6  7 |
---------------+----------------------+-----
Long Blades    | 2 3 4 |  4.0
Armour         | 3 4 |  4.6
Shields        | 3 4 |  4.5
Fighting       | 4 5 |  5.1

Action                   |  1- 3 |  4- 6 |  7- 9 || total
-------------------------+-------+-------+-------++-------
Melee: Long sword        |   108 |   192 |    44 ||   344
       Short sword       |    34 |       |       ||    34
       Tailslap          |       |       |     7 ||     7
  Use: Potion            |       |     4 |       ||     4
Armor: Scale mail        |    56 |       |       ||    56
       Ring mail         |     3 |    78 |    21 ||   102
       Skin              |       |    33 |       ||    33
Dodge: Dodged            |    44 |    94 |    22 ||   160
Block: Buckler           |    38 |    52 |     4 ||    94

Table legend: (Time is in decaauts)
 A = Elapsed time spent in this place.
 B = Non-inter-level travel time spent in this place.
 C = Inter-level travel time spent in this place.
 D = Time resting spent in this place.
 E = Time spent auto-exploring this place.
 F = Levels seen in this place.
 G = Mean time per level.
                   A        B        C        D        E       F      G
               +--------+--------+--------+--------+--------+-----+--------+
         Total |   5499 |   5349 |    150 |    208 |   4296 |   6 |  916.5 |
       Dungeon |   5252 |   5117 |    135 |    208 |   4093 |   5 | 1050.4 |
        Temple |    247 |    232 |     15 |      0 |    203 |   1 |  247.0 |
               +--------+--------+--------+--------+--------+-----+--------+

Top non-repeatable levels by time:
     D:3: 1393 daAuts
     D:4: 1207 daAuts
     D:2: 947 daAuts
     D:1: 929 daAuts
     D:5: 774 daAuts
  Temple: 247 daAuts
